 Dungeon Crawl Stone Soup version 0.24-a0-520-g8fd06ad0bc (webtiles) character file.

Game seed: 15368363228332788541

375 night the Sneak (level 6, -1/37 HPs)
             Began as a Gargoyle Assassin on July 26, 2019.
             Was an Initiate of Wu Jian.
             Killed from afar by an orc wizard (14 damage)
             ... with a bolt of acid
             ... on level 4 of the Dungeon.
             The game lasted 00:10:43 (4171 turns).

night the Sneak (Gargoyle Assassin)                 Turns: 4171, Time: 00:10:43

Health: -1/37      AC:  4    Str: 17    XL:     6   Next: 72%
Magic:  6/6        EV: 11    Int: 11    God:    Wu Jian [......]
Gold:   230        SH:  0    Dex: 11    Spells: 5/5 levels left

rFire    + . .     SeeInvis .   p - +4 short sword
rCold    . . .     Gourm    .   (no shield)
rNeg     + . .     Faith    .   b - +0 robe
rPois    ∞         Spirit   .   B - +0 helmet
rElec    +         Reflect  .   c - +0 cloak
rCorr    .         Harm     .   (no gloves)
MR       .....                  (no boots)
Stlth    +++.......             (no amulet)
HPRegen  0.12/turn              x - ring of protection from fire
MPRegen  0.10/turn              (no ring)

@: corroded
A: negative energy resistance 1, electricity resistance, unbreathing,
petrification resistance, rot immunity, AC +4
a: Renounce Religion


You were on level 4 of the Dungeon.
You worshipped Wu Jian.
Wu Jian was noncommittal.
You were not hungry.

You visited 1 branch of the dungeon, and saw 4 of its levels.

You collected 230 gold pieces.

Inventory:

Hand Weapons
 a - a +2 dagger
 i - a +0 hunting sling
 p - a +4 short sword (weapon)
 u - a +0 rapier
Missiles
 d - 8 poisoned darts (quivered)
 e - 2 curare-tipped darts
 l - 160 stones
 w - 62 arrows
 y - 5 datura-tipped darts
 G - 8 javelins
Armour
 b - a +0 robe (worn)
 c - a +0 cloak (worn)
 B - a +0 helmet (worn)
Jewellery
 x - a ring of protection from fire (left hand)
 A - an uncursed ring of fire
Scrolls
 g - 4 scrolls of teleportation
 q - a scroll of amnesia
 F - a scroll of blinking {unknown}
 H - a scroll of fear {unknown}
 I - a scroll of identify {unknown}
Potions
 h - 3 potions of brilliance {unknown}
 j - 2 potions of flight {unknown}
 k - a potion of heal wounds {unknown}
 m - 2 potions of lignification {unknown}
 o - a potion of haste {unknown}
 r - a potion of might {unknown}
 t - a potion of curing {unknown}
 v - a potion of ambrosia {unknown}
 z - 2 potions of degeneration {unknown}
 C - a potion of invisibility {unknown}
 D - 2 potions of mutation {unknown}
 J - a potion of resistance {unknown}
 K - a potion of berserk rage {unknown}
Comestibles
 f - 10 rations
 n - 5 chunks of flesh


   Skills:
 + Level 3.6 Fighting
 + Level 3.9 Short Blades
 - Level 1.7 Throwing
 - Level 0.7 Dodging
 * Level 7.1 Stealth


You had 5 spell levels left.
You didn't know any spells.
Your spell library was empty.

Dungeon Overview and Level Annotations

Branches:
Dungeon (4/15)             Temple (0/1) D:4

Altars:
Wu Jian
The Shining One

Annotations:
D:4 1 runed translucent door, Crazy Yiuf


Innate Abilities, Weirdness & Mutations

You are resistant to torment.
Your stone body is resilient. (AC +4)
You are immune to poison.
You resist negative energy. (rN+)
You are resistant to electric shocks. (rElec)
You can survive without breathing.
You are immune to petrification.
You are immune to rotting.


Message History

You hear some strange, mumbled words.
You are more confused.
Something hits you.
You bump into the rock wall.
Something hits you.
You miss something. Something hits you.
You bump into the rock wall.
Something completely misses you.
You closely miss something.
You bump into the rock wall.
Something completely misses you.
You miss something.
You hear a zap.
A bolt of acid appears from out of thin air!
The bolt of acid misses you.
You bump into the rock wall.
You feel less confused. Something hits you.
You closely miss something.
You hear a zap.
A bolt of acid appears from out of thin air!
The bolt of acid hits you!
You die...

#**♣♣♣.♣...#.......##
♣♣♣♣♣##.#.#....# #.#)##...#
############...#...##
........^...#......##
...........##)##....#
....####.#.###).....##
....# #.#......####.# ***
....## #.##.##.#@#...#**,**
.....###[#......{...##*,,,*
.............###....#*,,,,*
....#..)...g..##)...##.#.?#
...##......####..........#*
..#######.######......>.##
.## #..#...[.........#
.########..##..#.........#
...#.#..##.....#.......###


There were no monsters in sight!

Vanquished Creatures
  A gnoll shaman (D:4)
  3 orc wizards (D:4)
  9 gnolls
  6 adders
  An ooze (D:3)
  A worm (D:1)
  3 leopard geckos
  20 orcs
  7 bats
  5 giant cockroaches
  6 goblins
  9 hobgoblins
  12 jackals
  A quokka (D:3)
  5 frilled lizards
  6 kobolds
  10 rats
105 creatures vanquished.

Notes
Turn   | Place    | Note
-------+----------+-------------------------------------------
     0 | D:1      | night the Gargoyle Assassin began the quest for the Orb.
     0 | D:1      | Reached XP level 1. HP: 12/12 MP: 1/1
   239 | D:1      | Reached XP level 2. HP: 10/17 MP: 2/2
   917 | D:1      | Reached skill level 5 in Stealth
  1044 | D:1      | Reached XP level 3. HP: 21/21 MP: 3/3
  1615 | D:2      | Found a glowing golden altar of the Shining One.
  1640 | D:2      | Reached XP level 4. HP: 25/26 MP: 4/4
  2351 | D:3      | Reached XP level 5. HP: 31/31 MP: 5/5
  2432 | D:3      | Reached skill level 6 in Stealth
  3157 | D:4      | Found a runed translucent door.
  3158 | D:4      | Noticed Crazy Yiuf
  3223 | D:4      | Reached XP level 6. HP: 16/37 MP: 6/6
  3812 | D:3      | Reached skill level 7 in Stealth
  4001 | D:4      | Found an ornate altar of the Wu Jian Council.
  4007 | D:4      | Became a worshipper of the Wu Jian Council
  4171 | D:4      | Killed from afar by an orc wizard

Levels and vault maps discovered:
D:1:      dpeg_arrival_orchard, layout_basic, minmay_split_cup_large
D:2:      layout_basic, lemuel_doored_altar, first_ration,
          hangedman_decor_growths, nicolae_underground_beach
D:3:      layout_rooms
D:4:      layout_cave_pools, nicolae_overflow_hidden_temple, kennysheep_mini,
          lemuel_temple_firewalk_b, chequers_jeans,
          minmay_misc_feat_more_columns, uniq_eustachio, uniq_crazy_yiuf_cottage

Skill      XL: |  1  2  3  4  5  6 |
---------------+-------------------+-----
Short Blades   | 2 3 |  3.9
Stealth        | 5 6 7 |  7.1
Fighting       | 3 |  3.6
Throwing       | |  1.7
Dodging        | |  0.7

Action                   |  1- 3 |  4- 6 || total
-------------------------+-------+-------++-------
Melee: Dagger            |    67 |       ||    67
       Short sword       |    68 |   237 ||   305
Throw: Dart              |       |     7 ||     7
Invok: Lunge             |       |     2 ||     2
  Use: Scroll            |       |     5 ||     5
 Stab: Sleeping          |     5 |     6 ||    11
  Eat: Chunk             |     2 |     9 ||    11
Armor: Robe              |    46 |    78 ||   124
Dodge: Dodged            |    92 |   153 ||   245

Table legend:
 A = Non-vault XP
 B = Vault XP
 C = Vault XP percentage of total XP
 D = Non-vault monster count
 E = Vault monster count
 F = Vault count percentage of total count
                 A         B        C        D         E       F
            +---------+---------+-------+---------+---------+-------
      Total |     530 |       6 |   1.1 |     101 |       4 |   3.8
            +---------+---------+-------+---------+---------+-------
        D:1 |      35 |       6 |  14.6 |      19 |       4 |  17.4
        D:2 |      65 |       0 |   0.0 |      25 |       0 |   0.0
        D:3 |     130 |       0 |   0.0 |      31 |       0 |   0.0
        D:4 |     300 |       0 |   0.0 |      26 |       0 |   0.0
            +---------+---------+-------+---------+---------+-------
